 Dungeon Crawl Stone Soup version 0.18.1-48-g4cf74bf (webtiles) character file.

376760 BabyRage the Warrior (level 22, 0/228 HPs)
             Began as a Naga Chaos Knight on July 29, 2016.
             Was the Champion of Okawaru.
             Slain by a tentacled monstrosity (7 damage)
             ... on level 3 of the Depths.
             The game lasted 02:13:08 (50425 turns).

BabyRage the Warrior (Naga Chaos Knight)           Turns: 50425, Time: 02:13:09

Health: 0/228      AC: 48    Str: 25    XL:     22   Next: 79%
Magic:  27/29      EV: 12    Int: 13    God:    Okawaru [******]
Gold:   2485       SH:  2    Dex: 15    Spells: 0 memorised, 21 levels left

rFire  + + +     SeeInvis +     C - +7 great mace (crush)
rCold  . . .     Gourm    .     P - +6 fire dragon armour
rNeg   . . .     Faith    .     (shield currently unavailable)
rPois  +         Spirit   .     h - +2 helmet
rElec  +         Dismiss  .     X - +2 cloak {MR+}
rCorr  .         Reflect  .     i - +2 pair of gloves {Str+3}
SustAt .         Harm     .     t - +1 naga barding {rC+}
MR     +++..                    s - amulet of regeneration
Stlth  +++.......               x - +5 ring of slaying
                                y - ring of protection from fire

@: about to teleport, heroism, very slightly contaminated, constricted, very
slow, extremely resistant to hostile enchantments, fairly stealthy
A: large bone plates 1, see invisible, deformed body, deterioration 1, poison
resistance, electricity resistance, slowness 2, slow metabolism 1, spit poison
3, strong 1, wild magic 1, constrict 1, AC +7
a: Breathe Poison Gas, Heroism, Finesse, Renounce Religion
}: 2/15 runes: barnacled, gossamer


You were on level 3 of the Depths.
You worshipped Okawaru.
Okawaru was exalted by your worship.
You were not hungry.

You visited 7 branches of the dungeon, and saw 40 of its levels.
You also visited: Ice Cave and Volcano.

You collected 4779 gold pieces.
You spent 2294 gold pieces at shops.

Inventory:

Hand Weapons
 C - a +7 great mace of crushing (weapon)
Missiles
 q - 5 throwing nets (quivered)
Armour
 h - a +2 helmet (worn)
 i - a +2 pair of gloves of strength (worn)
 t - a +1 naga barding of cold resistance (worn)
 P - a +6 fire dragon armour (worn)
 X - a +2 cloak of magic resistance (worn)
Jewellery
 e - an uncursed ring of resist corrosion
 s - an amulet of regeneration (around neck)
 x - a +5 ring of slaying (right hand)
 y - a ring of protection from fire (left hand)
Wands
 l - a wand of teleportation (4/9)
 r - a wand of digging (7/24)
 u - a wand of teleportation (3/9)
 B - a wand of teleportation (2/9)
 D - a wand of heal wounds (0/9)
 Q - a wand of disintegration (9/24)
 V - a wand of slowing (16/48)
Scrolls
 a - 16 scrolls of remove curse
 g - 3 scrolls of teleportation
 m - a scroll of holy word
 A - 5 scrolls of identify
 E - 2 scrolls of silence
 K - 4 scrolls of fog
 L - 6 scrolls of fear
 T - 3 scrolls of magic mapping
 U - a scroll of amnesia
Potions
 b - 3 potions of resistance
 k - 4 potions of cure mutation
 n - 9 potions of might
 o - 10 potions of brilliance
 p - 2 potions of agility
 v - 3 potions of haste
 w - 13 potions of curing
 z - 8 potions of ambrosia
 G - 7 potions of lignification
 I - 2 potions of magic
 J - 3 potions of cancellation
 M - a potion of flight
 N - 2 potions of invisibility
 Z - a potion of berserk rage
Miscellaneous
 O - a lamp of fire
 R - a phial of floods
Comestibles
 c - 19 bread rations
 d - 26 meat rations
 f - 6 beef jerkies
 j - 23 fruits
 F - 7 slices of pizza
 H - a royal jelly
 Y - a chunk of flesh


   Skills:
 + Level 20.1(25.1) Fighting
 - Level 20.0(25.0) Maces & Flails
 + Level 17.0(22.0) Armour
 - Level 10.7(15.7) Dodging
 - Level 3.0(8.0) Stealth
   Level 3.0(8.0) Shields
 - Level 10.0 Invocations
 - Level 10.0 Evocations


You had 21 spell levels left.
You didn't know any spells.

Dungeon Overview and Level Annotations

Branches:
Dungeon (15/15)            Temple (0/1) D:6            Lair (8/8) D:9
 Shoals (4/4) Lair:6       Spider (4/4) Lair:6        Slime (0/6) Lair:6
    Orc (2/2) D:12            Elf (0/3) Orc:2        Vaults (4/5) D:13
  Crypt (0/3) Vaults:2     Depths (3/5) D:15

Altars:
Elyvilon
Gozag
Kikubaaqudgha
Nemelex Xobeh
Okawaru
Qazlal
Ru
Trog
Xom
Yredelemnul
Zin
The Shining One
Jiyva

Shops:
D:4 (   D:7 }   D:12 (!%=   D:14 (   Orc:2 (([%   Shoals:2 :   Shoals:4 :

Portals:
Hell: Depths:1 Depths:2 Depths:3
Abyss: Depths:1 Depths:2
Pandemonium: Depths:1
Ziggurat: Depths:3


Innate Abilities, Weirdness & Mutations

You cannot wear boots.
Your serpentine skin is tough (AC +7).
You have supernaturally acute eyesight.
Armour fits poorly on your strangely shaped body.
Your system is resistant to poisons.
You cover ground very slowly.
You have a slow metabolism.
You can exhale a cloud of poison.
You can use your snake-like lower body to constrict enemies.
You are partially covered in large bone plates (AC +2, SH +2).
Your body sometimes deteriorates upon taking damage.
You are resistant to electric shocks.
Your muscles are strong. (Str +2)
Your spells are a little harder to cast, but a little more powerful.


Message History

You feel strangely unstable.
The deep elf mage shouts!
The deep elf high priest moves out of view.
The tentacled monstrosity tentacle-slaps you.
* * * LOW HITPOINT WARNING * * *
The tentacled monstrosity tentacle-slaps you but does no damage. x2
The tentacled monstrosity grabs you.
The tentacled monstrosity constricts you.
A deep elf mage comes into view. It is wielding a long sword.
Your attempt to break free from the tentacled monstrosity fails, but you feel that another attempt might succeed.
The ice devil closely misses you.
The deep elf mage moves out of view.
The wraith closely misses you.
The tentacled monstrosity tentacle-slaps you but does no damage. x3
* * * LOW HITPOINT WARNING * * *
The tentacled monstrosity constricts you!
Your attempt to break free from the tentacled monstrosity fails, but you feel that another attempt might succeed.
The stone giant shouts!
The ice devil misses you. The wraith hits you but does no damage.
The tentacled monstrosity tentacle-slaps you!
You die...

'...... '......).((#
##..8.. ....u....(⌠
####u..W(†(( .
#.?$###.e.((. .. #....
#')u(.(
...#######........))#..)
......§.............##(.
......W..............##.
....8.X@8.......8c... ##
..8..e4...8....GG..... #
...................... #
8.§e##'##.§.8.........##
e.. (. #..... ##. eC ..:
#..8. #.§ . %.. .... #..
...[ ... #∩. #..


You could see a tentacled monstrosity, a stone giant, a deep elf high priest
(wandering), an ice devil, 3 deep elf magi and a wraith.

Vanquished Creatures
  Mennas (Depths:2)
  Sojobo (Vaults:4)
  Margery (Depths:1)
  A golden dragon (Depths:3)
  Xtahua (Vaults:4)
  Nikola (Shoals:2)
  The ghost of aves the Executioner, a veteran VSFi of Qazlal (Depths:1)
  A tentacled monstrosity (Depths:3)
  Rupert (Lair:4)
  2 quicksilver dragons (Depths:3)
  A lich (Vaults:2)
  Gastronok (D:10)
  Agnes (Spider:3)
  2 tengu reavers (Vaults:4)
  Frances (D:12)
  3 daevas (Depths:2)
  A shadow dragon (Depths:3)
  Kirke (Spider:4)
  2 storm dragons
  A revenant (Vaults:2)
  Ilsuiw (Shoals:3)
  3 fire giants
  3 ghost moths
  2 deep elf sorcerers (Vaults:3)
  3 iron dragons (Depths:3)
  7 vault wardens
  The ghost of oldnick the Grappler, a journeyman TrMo (Lair:8)
  Maud (Lair:4)
  A frost giant (Depths:1)
  A ghoul (Vaults:2)
  The ghost of Apert the Cleaver, a journeyman HOFi of Qazlal (D:14)
  2 emperor scorpions
  3 angels (Depths:2)
  8 ironheart preservers
  A very ugly thing (Depths:2)
  8 stone giants
  2 deep elf demonologists
  A vampire knight (Vaults:2)
  4 salamander stormcallers
  A deep elf annihilator (Vaults:3)
  4 spark wasps (Spider:4)
  7 ettins
  Snorg (Lair:8)
  7 merfolk javelineers
  3 vault guards (Vaults:3)
  5 yaktaur captains
  9 merfolk impalers
  A jiangshi (Vaults:2)
  6 fire dragons
  7 entropy weavers
  8 hydras
  3 ice dragons
  3 spriggan air magi
  8 great orbs of eyes
  4 rakshasas
  3 merfolk avatars
  An anaconda (shapeshifter) (Depths:1)
  2 death knights (Vaults:2)
  2 centaur warriors
  15 ogre magi
  Erica (Orc:1)
  13 tengu warriors
  3 satyrs
  4 death yaks (Lair:6)
  A deep troll earth mage (Depths:2)
  2 alligator snapping turtles
  2 deep troll shamans
  8 merfolk aquamancers
  Urug (Lair:4)
  A vampire mage (Depths:2)
  3 spriggan berserkers (Depths:3)
  3 sun demons (Depths:3)
  4 orc high priests (Orc:2)
  15 hell knights (Depths:1)
  A soul eater (Depths:3)
  A deep elf knight (Vaults:3)
  2 fire crabs (shapeshifter)
  A salamander mystic (Vaults:4)
  A shadow wraith (Vaults:4)
  2 wizards
  6 cherubim (Depths:2)
  An iron troll (Depths:1)
  4 sea snakes
  2 skeletal warriors
  7 giant orange brains
  15 deep trolls
  5 unseen horrors
  A flayed ghost (Vaults:1)
  A lindwurm (shapeshifter) (D:13)
  10 hill giants
  2 deep elf archers (Vaults:3)
  9 ironbrand convokers
  Pikel (D:6)
  A phantasmal warrior (Vaults:2)
  4 necromancers (Depths:1)
  17 harpies
  18 orb spiders
  36 ugly things
  39 wolf spiders
  4 orc sorcerers (Orc:2)
  12 orc knights
  4 fauns
  2 hornets (shapeshifter)
  2 salamanders (Vaults:4)
  14 griffons
  8 deep elf magi
  A stone giant zombie (Depths:1)
  16 hornets
  13 manticores
  A toenail golem (Volcano)
  3 cyclopes
  10 sirens
  2 moths of wrath
  An octopode (shapeshifter) (Vaults:1)
  An eye of devastation (shapeshifter) (Depths:1)
  7 black mambas
  4 elephants
  7 rust devils
  An ice statue (IceCv)
  2 torpor snails
  A spiny frog (shapeshifter) (Depths:2)
  15 spiny frogs
  11 vault sentinels
  7 water nymphs
  2 kobold demonologists (D:12)
  36 yaktaurs
  A rime drake (shapeshifter) (D:14)
  A rime drake (Lair:3)
  A yaktaur (shapeshifter) (Depths:1)
  6 demonic crawlers
  7 komodo dragons
  5 efreet
  A komodo dragon (shapeshifter) (Vaults:1)
  2 red devils (Depths:2)
  3 tengu conjurers (Depths:2)
  11 freezing wraiths
  38 jumping spiders
  3 trolls
  28 two-headed ogres
  A wind drake (Shoals:4)
  30 merfolk
  9 polar bears
  A two-headed ogre (shapeshifter) (Vaults:2)
  18 blink frogs
  A human simulacrum (Vaults:3)
  19 slime creatures
  2 fire dragon zombies (Depths:1)
  8 large abominations (Depths:2)
  16 snapping turtles
  A raiju (shapeshifter) (Depths:1)
  8 boulder beetles
  101 redbacks
  14 spriggans
  3 air elementals (Depths:2)
  An ice dragon skeleton (Depths:1)
  A centaur simulacrum (D:14)
  A wraith (Depths:3)
  14 water elementals
  A deep troll skeleton (Depths:1)
  A shadow (D:12)
  38 tarantellas
  43 yaks
  2 spriggans (shapeshifter)
  A vampire (D:13)
  3 hogs (Spider:4)
  2 wyverns
  A basilisk (shapeshifter) (Vaults:1)
  7 basilisks
  4 humans (Volcano)
  2 hungry ghosts
  Grum (D:8)
  A steam dragon (D:12)
  11 vampire mosquitoes
  6 hippogriffs
  2 chaos spawn (Depths:2)
  2 wargs
  A hippogriff (shapeshifter) (Depths:1)
  A yaktaur simulacrum (Vaults:2)
  A soldier ant (D:14)
  A swamp worm (shapeshifter) (Depths:2)
  3 mottled dragons
  3 small abominations (Depths:2)
  Edmund (D:6)
  2 hell hounds
  18 water moccasins
  15 porcupines
  34 orc warriors
  A slave (D:6)
  12 wasps
  4 sky beasts
  10 black bears
  An eye of draining (D:12)
  18 ice beasts
  A wasp (shapeshifter) (Depths:1)
  18 centaurs
  4 phantoms
  64 ogres
  3 boggarts (Vaults:1)
  22 wolves
  18 crocodiles
  2 big kobolds (D:12)
  25 giant frogs
  A gnoll sergeant (D:11)
  A glowing shapeshifter simulacrum (Vaults:2)
  5 scorpions
  A water moccasin skeleton (D:10)
  2 troll zombies (D:12)
  14 killer bees
  3 howler monkeys
  An electric eel (Spider:3)
  9 crimson imps
  A giant frog zombie (D:6)
  5 centaur zombies
  2 hounds
  A quasit (D:11)
  3 jellies
  20 orc priests
  Crazy Yiuf (D:6)
  3 centaur skeletons
  A giant frog skeleton (D:10)
  14 iguanas
  10 worker ants
  24 orc wizards
  21 sheep
  4 ogre zombies (D:12)
  A hound skeleton (D:5)
  2 worker ant zombies
  12 gnolls
  15 adders
  50 river rats
  5 shadow imps
  An ooze (D:6)
  An adder skeleton (D:7)
  A worm (D:2)
  A dart slug (D:2)
  2 giant geckos
  104 orcs
  8 bats
  9 giant cockroaches
  10 goblins
  6 hobgoblins
  8 jackals
  2 quokkas
  A ball python (D:1)
  5 giant newts
  2 goblin skeletons (D:12)
  A goblin zombie (D:12)
  3 hobgoblin zombies (D:12)
  14 kobolds
  13 orc zombies (D:12)
  2 quokka skeletons
  8 rats
  A fungus (D:6)
1815 creatures vanquished.

Vanquished Creatures (collateral kills)
  2 wolf spiders (Spider:3)
  An ice statue (IceCv)
  A tengu conjurer (Depths:3)
4 creatures vanquished.

Vanquished Creatures (others)
  A tengu warrior (Depths:3)
  A shadow wraith (Vaults:2)
  A komodo dragon (D:14)
  An orc warrior (Vaults:1)
  2 slaves (D:6)
  A worker ant (D:6)
  A gnoll (D:6)
  A bush (Lair:8)
  A fire vortex (Depths:3)
  38 fungi
  23 plants
71 creatures vanquished.

Grand Total: 1890 creatures vanquished

Notes
Turn   | Place    | Note
--------------------------------------------------------------
     0 | D:1      | BabyRage the Naga Chaos Knight began the quest for the Orb.
     0 | D:1      | Reached XP level 1. HP: 21/21 MP: 1/1
   232 | D:1      | Reached XP level 2. HP: 28/28 MP: 2/2
   466 | D:1      | XOM: harmless Trmt miscast
   628 | D:1      | Reached XP level 3. HP: 33/34 MP: 3/3
   748 | D:1      | Reached XP level 4. HP: 4/42 MP: 4/4
  1019 | D:2      | XOM: harmless Summ miscast
  1173 | D:2      | Reached skill level 5 in Maces & Flails
  1671 | D:3      | XOM: noise
  1688 | D:3      | Reached XP level 5. HP: 46/49 MP: 5/5
  1695 | D:3      | XOM: medium Pois miscast
  2047 | D:3      | Found a white marble altar of Elyvilon.
  2371 | D:3      | XOM: harmless Ice miscast
  2402 | D:3      | XOM: mild Necr miscast
  2611 | D:3      | Found a basalt altar of Yredelemnul.
  2651 | D:3      | XOM: harmless Tloc miscast
  2812 | D:4      | Reached XP level 6. HP: 50/55 MP: 6/6
  2846 | D:4      | Found an iron altar of Okawaru.
  2846 | D:4      | XOM: divination: detect items
  2925 | D:4      | Fell from the grace of Xom
  2925 | D:4      | Became a worshipper of Warmaster Okawaru
  3075 | D:4      | Found a sparkling altar of Nemelex Xobeh.
  3076 | D:4      | Found an opulent altar of Gozag.
  3113 | D:4      | Found Tuenurie's Weapon Shoppe.
  3132 | D:4      | Found an ancient bone altar of Kikubaaqudgha.
  3512 | D:4      | Reached skill level 1 in Stealth
  3532 | D:4      | XOM: mild Pois miscast
  3561 | D:4      | XOM: polymorph butterfly -> giant newt
  3587 | D:5      | Entered Level 5 of the Dungeon
  3640 | D:5      | Found a stormy altar of Qazlal.
  3888 | D:5      | Reached XP level 7. HP: 55/61 MP: 7/7
  4077 | D:5      | Reached * piety under Okawaru
  4156 | D:5      | XOM: give mutations
  4156 | D:5      | Gained mutation: You passively map a small area around you. [Xom's mischief]
  4156 | D:5      | Gained mutation: You are weak. (Str -2) [Xom's mischief]
  4156 | D:5      | Lost mutation: You are weak. (Str -2) [Xom's mischief]
  4906 | D:6      | XOM: medium Tloc miscast
  5023 | D:6      | XOM: summons 5 hostile shadow creatures
  5207 | D:5      | XOM: stat loss: -3 Int (9/12)
  5362 | D:6      | Reached XP level 8. HP: 63/68 MP: 8/8
  5365 | D:6      | Got a pitted flail
  5371 | D:6      | Identified the +9 flail "Ceavvuh" {crush, rC+ rN+ MR+ MP+9 Int+4} (You found it on level 6 of the Dungeon)
  5452 | D:6      | Noticed Pikel
  5471 | D:6      | Killed Pikel
  5471 | D:6      | Reached ** piety under Okawaru
  5587 | D:6      | XOM: polymorph freed slave -> wolf
  5688 | D:6      | Noticed Edmund
  5700 | D:6      | Killed Edmund
  5705 | D:6      | Reached skill level 10 in Maces & Flails
  6006 | D:6      | Found a staircase to the Ecumenical Temple.
  6128 | D:6      | XOM: scenery: create altars
  6145 | D:6      | XOM: mild Air miscast
  6151 | D:6      | Noticed a centaur
  6167 | D:6      | Killed a centaur
  6167 | D:6      | Reached skill level 5 in Invocations
  6167 | D:6      | Reached XP level 9. HP: 14/74 MP: 13/13
  6359 | D:6      | XOM: give mutations
  6359 | D:6      | Gained mutation: Your tail ends in a poisonous barb. [Xom's mischief]
  6359 | D:6      | Lost mutation: Your tail ends in a poisonous barb. [Xom's mischief]
  6359 | D:6      | Gained mutation: Your body sometimes deteriorates upon taking damage. [Xom's mischief]
  6458 | D:6      | XOM: give mutation
  6458 | D:6      | Gained mutation: Your body often deteriorates upon taking damage. [Xom's mischief]
  6820 | D:6      | XOM: summons 2 hostile shadow creatures
  6831 | D:6      | Noticed Crazy Yiuf
  6837 | D:6      | Killed Crazy Yiuf
  7022 | D:7      | XOM: mild Trmt miscast
  7042 | D:7      | XOM: give mutations
  7042 | D:7      | Gained mutation: You are partially covered in large bone plates (AC +2, SH +2). [Xom's mischief]
  7042 | D:7      | Gained mutation: Your spells are a little harder to cast, but a little more powerful. [Xom's mischief]
  7042 | D:7      | Gained mutation: You evolve. [Xom's mischief]
  7164 | D:7      | XOM: mild Erth miscast
  7189 | D:7      | XOM: medium Chrm miscast
  7244 | D:7      | Found a sacrificial altar of Ru.
  7477 | D:7      | XOM: 1-stop teleportation journey
  7731 | D:7      | XOM: god gift: bread ration
  7822 | D:7      | Reached skill level 1 in Shields
  7881 | D:7      | Found Xijelug's Gadget Boutique.
  7891 | D:7      | Bought a wand of teleportation (2/9) for 216 gold pieces
  7982 | D:7      | XOM: enchant monster (bad)
  8189 | D:8      | Noticed a hill giant
  8200 | D:8      | Killed a hill giant
  8200 | D:8      | Reached *** piety under Okawaru
  8200 | D:8      | Reached skill level 5 in Fighting
  8275 | D:8      | Lost mutation: Your body often deteriorates upon taking damage. [evolution]
  8364 | D:8      | XOM: mild Conj miscast
  8510 | D:8      | Reached XP level 10. HP: 80/87 MP: 14/14
  8545 | D:8      | Noticed Grum
  8551 | D:8      | Killed Grum
  8884 | D:8      | Reached skill level 1 in Dodging
  9163 | D:8      | XOM: silly message
  9196 | D:8      | XOM: harmless Pois miscast
  9196 | D:8      | Was forgiven by Xom
  9262 | D:8      | Gained mutation: You are resistant to electric shocks. [evolution]
  9265 | D:8      | Lost mutation: You passively map a small area around you. [potion of mutation]
  9292 | D:9      | Noticed an unseen horror
  9295 | D:9      | Killed an unseen horror
  9319 | D:8      | Reached **** piety under Okawaru
  9485 | D:9      | Found a staircase to the Lair.
  9735 | D:9      | Reached XP level 11. HP: 91/98 MP: 15/15
  9969 | D:9      | You fall through a shaft for 2 floors!
 10000 | D:11     | Reached ***** piety under Okawaru
 10196 | D:11     | Noticed an unseen horror
 10203 | D:11     | Killed an unseen horror
 10203 | D:11     | Received a gift from Okawaru
 10232 | D:10     | Entered Level 10 of the Dungeon
 10418 | D:10     | Noticed Gastronok
 10551 | D:10     | Killed Gastronok
 11510 | Lair:1   | Entered Level 1 of the Lair of Beasts
 11583 | Lair:1   | Reached skill level 5 in Dodging
 11834 | Lair:1   | Reached XP level 12. HP: 88/111 MP: 16/16
 12729 | Lair:2   | Got an ebony whip
 13277 | Lair:2   | Gained mutation: Your muscles are strong. (Str +2) [evolution]
 13740 | Lair:2   | Identified the cursed +1 whip of Demuqe {venom, rPois rN+} (You found it on level 2 of the Lair of Beasts)
 13894 | Lair:3   | Noticed a seven-headed hydra
 13907 | Lair:3   | Killed a seven-headed hydra
 14316 | Lair:3   | Reached skill level 10 in Fighting
 15320 | Lair:4   | Noticed Rupert
 15355 | Lair:4   | Received a gift from Okawaru
 15362 | Lair:4   | Gained mutation: You can use your snake-like lower body to constrict enemies. [Naga growth]
 15362 | Lair:4   | Reached XP level 13. HP: 73/123 MP: 19/19
 15545 | Lair:4   | Killed Rupert
 15594 | Lair:4   | Got a dazzling ring mail {god gift}
 15904 | Lair:4   | Identified the +0 ring mail "Domuhats" {rN+} (Okawaru gifted it to you on level 4 of the Lair of Beasts)
 15967 | Lair:4   | Noticed Maud
 15995 | Lair:4   | Killed Maud
 16146 | Lair:4   | Noticed Urug
 16156 | Lair:4   | Killed Urug
 16363 | Lair:4   | Reached skill level 10 in Invocations
 17078 | Lair:6   | Found a staircase to the Slime Pits.
 17078 | Lair:6   | Found a viscous altar of Jiyva.
 17264 | Lair:6   | Received a gift from Okawaru
 17363 | Lair:6   | Found a staircase to the Shoals.
 17652 | Lair:6   | Found a hole to the Spider Nest.
 18017 | Lair:6   | Reached XP level 14. HP: 127/135 MP: 21/21
 18165 | Lair:7   | Received a gift from Okawaru
 18415 | Lair:7   | Gained mutation: You can exhale a cloud of poison. [evolution]
 18415 | Lair:7   | Lost mutation: You evolve. [end of evolution]
 18591 | Lair:7   | Found a dark tunnel.
 18710 | Volcano  | Entered a volcano
 19218 | Lair:7   | Reached skill level 5 in Armour
 19407 | Lair:8   | Entered Level 8 of the Lair of Beasts
 19451 | Lair:8   | Received a gift from Okawaru
 20116 | Lair:8   | Reached ****** piety under Okawaru
 20140 | Lair:8   | Reached skill level 10 in Dodging
 20313 | Lair:8   | Received a gift from Okawaru
 20343 | Lair:8   | Noticed oldnick's ghost (journeyman TrMo)
 20736 | Lair:8   | Killed oldnick's ghost
 20975 | Lair:8   | Noticed Snorg
 20987 | Lair:8   | Killed Snorg
 21963 | D:11     | Found an opulent altar of Gozag.
 22037 | D:11     | Reached XP level 15. HP: 147/147 MP: 22/22
 22295 | D:12     | Noticed Frances
 22312 | D:12     | Killed Frances
 22446 | D:12     | Found Wathorel's Food Shop.
 22466 | D:12     | Found Hioblat's Weapon Shoppe.
 22492 | D:12     | Found Hirej's Distillery.
 22706 | D:12     | Found Xalaatyno's Jewellery Emporium.
 22785 | D:12     | Found a staircase to the Orcish Mines.
 23131 | Orc:1    | Entered Level 1 of the Orcish Mines
 23290 | Orc:1    | Noticed Erica
 23299 | Orc:1    | Killed Erica
 23912 | Orc:2    | Entered Level 2 of the Orcish Mines
 23912 | Orc:2    | Found a staircase to the Elven Halls.
 24351 | Orc:2    | Received a gift from Okawaru
 24541 | Orc:2    | Found a frozen archway.
 24583 | IceCv    | Entered an ice cave
 24858 | Orc:2    | Found a bloodstained altar of Trog.
 24881 | Orc:2    | HP: 2/150 [ettin/dire flail (19)]
 25419 | Orc:2    | Received a gift from Okawaru
 26011 | Orc:2    | Received a gift from Okawaru
 26015 | Orc:2    | Found Eplenuy's Antique Weapon Boutique.
 26015 | Orc:2    | Found Nevvyclu's Food Emporium.
 26018 | Orc:2    | Found Yde Usog's Antique Armour Emporium.
 26018 | Orc:2    | Found Godutak's Antique Weapon Boutique.
 26026 | Orc:2    | Bought a pair of glowing gloves for 157 gold pieces
 26174 | Orc:2    | Reached skill level 1 in Evocations
 26290 | D:12     | Bought a +5 ring of slaying for 1478 gold pieces
 26360 | D:13     | Found a gate to the Vaults.
 26957 | D:14     | Noticed Apert's ghost (journeyman HOFi)
 26997 | D:14     | Killed Apert's ghost
 27119 | D:14     | Reached skill level 15 in Fighting
 27208 | D:14     | Reached XP level 16. HP: 118/163 MP: 23/23
 27446 | D:14     | Found Cilae's Weapon Emporium.
 27583 | D:15     | Entered Level 15 of the Dungeon
 27588 | D:15     | Reached skill level 5 in Evocations
 28100 | D:15     | Found a staircase to the Depths.
 28438 | Spider:1 | Entered Level 1 of the Spider Nest
 28648 | Spider:1 | Received a gift from Okawaru
 29406 | D:12     | Bought a +4 great mace of crushing for 443 gold pieces
 30716 | Spider:2 | Reached skill level 10 in Evocations
 30718 | Spider:2 | Reached skill level 15 in Maces & Flails
 31051 | Spider:3 | Received a gift from Okawaru
 31172 | Spider:3 | Noticed Agnes
 31184 | Spider:3 | Killed Agnes
 31195 | Spider:3 | Reached XP level 17. HP: 155/170 MP: 0/24
 32585 | Spider:4 | Entered Level 4 of the Spider Nest
 32609 | Spider:4 | Noticed Kirke
 32620 | Spider:4 | Killed Kirke
 33522 | Spider:4 | Received a gift from Okawaru
 34029 | Spider:4 | Reached skill level 10 in Armour
 34357 | Spider:4 | Received a gift from Okawaru
 34360 | Spider:4 | Got a brightly glowing demon whip {god gift}
 34361 | Spider:4 | Identified the +10 demon whip "Couc Pamaa" {elec, rElec rPois rF- MR-} (Okawaru gifted it to you on level 4 of the Spider Nest)
 34443 | Spider:4 | Got a gossamer rune of Zot
 34681 | Shoals:1 | Entered Level 1 of the Shoals
 35028 | Shoals:1 | Reached XP level 18. HP: 151/178 MP: 25/25
 35753 | Shoals:2 | Found Awevatur's Book Boutique.
 36285 | Shoals:3 | Noticed Nikola
 36335 | Shoals:2 | Killed Nikola
 36520 | Shoals:3 | Received a gift from Okawaru
 36591 | Shoals:3 | Found an opulent altar of Gozag.
 37538 | Shoals:4 | Entered Level 4 of the Shoals
 37542 | Shoals:4 | Noticed Ilsuiw
 37671 | Shoals:3 | Killed Ilsuiw
 37974 | Shoals:3 | Received a gift from Okawaru
 38389 | Shoals:4 | Got a barnacled rune of Zot
 38774 | Shoals:4 | Got a warped steel amulet
 38776 | Shoals:4 | Identified the amulet of the Salamander {Spirit -Tele rElec MR+} (You found it on level 4 of the Shoals)
 38841 | Shoals:4 | Received a gift from Okawaru
 38983 | Shoals:4 | Found Helinniawn's Book Emporium.
 39246 | Shoals:4 | Reached XP level 19. HP: 139/186 MP: 26/26
 40055 | Depths:1 | Entered Level 1 of the Depths
 40229 | Depths:1 | Noticed Margery
 40239 | Depths:1 | Killed Margery
 40251 | Depths:1 | Found a gateway to Hell.
 40366 | Depths:1 | Noticed aves's ghost (veteran VSFi)
 40381 | Depths:1 | Killed aves's ghost
 40585 | Depths:1 | Received a gift from Okawaru
 40657 | Depths:1 | Found a one-way gate to the infinite horrors of the Abyss.
 40875 | Depths:1 | Found a one-way gate leading to the halls of Pandemonium.
 41011 | Vaults:1 | Entered Level 1 of the Vaults
 42161 | Vaults:1 | Received a gift from Okawaru
 42189 | Vaults:1 | Got a jewelled plate armour
 42190 | Vaults:1 | Identified the cursed +0 plate armour of Vanity {rN+ Int+4} (You found it on level 1 of the Vaults)
 42455 | Vaults:1 | Reached XP level 20. HP: 191/196 MP: 27/27
 43003 | Vaults:2 | Found a staircase to the Crypt.
 43880 | Vaults:3 | Received a gift from Okawaru
 45719 | Vaults:4 | Noticed Sojobo
 45740 | Vaults:4 | Reached XP level 21. HP: 210/210 MP: 20/28
 45780 | Vaults:4 | Killed Sojobo
 45853 | Vaults:4 | Noticed Xtahua
 45865 | Vaults:4 | Killed Xtahua
 46076 | Vaults:4 | Reached skill level 15 in Armour
 46229 | Vaults:4 | Received a gift from Okawaru
 46983 | Depths:1 | Received a gift from Okawaru
 47265 | Depths:1 | Identified a scroll of acquirement
 48609 | Depths:2 | Received a gift from Okawaru
 48627 | Depths:2 | Reached XP level 22. HP: 168/224 MP: 29/29
 48953 | Depths:2 | Noticed Mennas
 48966 | Depths:2 | Killed Mennas
 48967 | Depths:2 | Found a glowing silver altar of Zin.
 50152 | Depths:3 | Found a glowing golden altar of the Shining One.
 50290 | Depths:3 | Received a gift from Okawaru
 50339 | Depths:3 | Noticed a golden dragon
 50349 | Depths:3 | Killed a golden dragon
 50419 | Depths:3 | Found a glowing silver altar of Zin.
 50419 | Depths:3 | Found a gateway to a ziggurat.
 50424 | Depths:3 | HP: 6/228 [tentacled monstrosity (7)]
 50425 | Depths:3 | Slain by a tentacled monstrosity

Skill      XL: |  1  2  3  4  5  6  7  8  9 10 11 12 13 14 15 16 17 18 19 20 21 22 |
---------------+-------------------------------------------------------------------+-----
Maces & Flails | 4 5 6 7 9 10 11 12 14 15 17 19 20 | 20.0
Stealth        | 1 3 |  3.0
Invocations    | 5 9 10 | 10.0
Fighting       | 5 6 8 10 11 13 15 17 19 20 | 20.1
Shields        | 2 3 |  3.0
Dodging        | 3 5 7 8 10 | 10.7
Armour         | 4 6 8 10 11 13 14 16 17 | 17.0
Evocations     | 4 10 | 10.0

Action                   |  1- 3 |  4- 6 |  7- 9 | 10-12 | 13-15 | 16-18 | 19-21 | 22-24 || total
-------------------------+-------+-------+-------+-------+-------+-------+-------+-------++-------
Melee: Mace              |    48 |       |       |       |       |       |       |       ||    48
       Whip              |    20 |   173 |    59 |       |       |       |       |       ||   252
       Flail             |       |       |   158 |   644 |  1467 |   183 |       |       ||  2452
       Constrict         |       |       |       |       |   285 |   286 |   257 |    58 ||   886
       Great mace        |       |       |       |       |       |   996 |  1429 |   355 ||  2780
Throw: Throwing net      |       |       |     1 |       |       |       |       |       ||     1
Invok: Heroism           |       |       |     4 |    11 |    20 |    13 |    17 |     6 ||    71
       Finesse           |       |       |       |     3 |     6 |     1 |     5 |     3 ||    18
 Abil: Spit Poison       |     4 |     3 |     9 |    15 |     4 |       |       |       ||    35
       Breathe Poison Ga |       |       |       |       |     9 |    27 |     1 |       ||    37
Evoke: Wand              |       |       |     3 |       |     1 |       |       |     6 ||    10
       Lamp of fire      |       |       |       |       |     1 |     2 |       |     2 ||     5
       Phial of floods   |       |       |       |       |       |     2 |       |     1 ||     3
  Use: Scroll            |     3 |    11 |     4 |     7 |    16 |    14 |    12 |     7 ||    74
       Potion            |     2 |       |       |     1 |     4 |     2 |     2 |     3 ||    14
 Stab: Sleeping          |       |       |       |     9 |       |       |       |       ||     9
       Distracted        |       |       |       |     1 |     1 |       |       |       ||     2
  Eat: Chunk             |       |     6 |     6 |    19 |    37 |    25 |    10 |     2 ||   105
       Bread ration      |       |     1 |     1 |       |       |     3 |     4 |     1 ||    10
       Royal jelly       |       |       |       |     1 |       |       |       |       ||     1
       Pizza             |       |       |       |     1 |       |       |       |       ||     1
Armor: Leather armour    |    29 |    18 |       |       |       |       |       |       ||    47
       Ring mail         |       |    12 |       |       |       |       |       |       ||    12
       Scale mail        |       |    33 |    75 |   208 |     4 |       |       |       ||   320
       Plate armour      |       |       |       |       |   681 |    79 |   295 |       ||  1055
       Skin              |       |       |       |       |     7 |       |       |       ||     7
       Chain mail        |       |       |       |       |    46 |  1154 |       |       ||  1200
       Fire dragon armou |       |       |       |       |       |       |   580 |   337 ||   917
Dodge: Dodged            |    41 |    64 |    63 |   118 |   289 |   590 |   653 |   220 ||  2038
Block: Buckler           |       |       |    12 |   154 |   375 |    43 |       |       ||   584
       Other             |       |       |     1 |       |       |    66 |    88 |    28 ||   183
